 Dungeon Sprint DCSS version 0.20.1-1-g8b1a95d (webtiles) character file.

148 Fang the Skirmisher (level 5, -7/57 HPs)
             Began as a Gargoyle Berserker on Oct 19, 2018.
             Was a Priest of Trog.
             Mangled by a gnoll
             ... wielding a +0 halberd
              (13 damage)
             ... in the Dungeon (Sprint VII: "The Pits").
             The game lasted 00:00:20 (81 turns).

Fang the Skirmisher (Gargoyle Berserker)              Turns: 81, Time: 00:00:21

Health: -7/57      AC:  6    Str: 27    XL:     5   Next: 30%
Magic:  5/5        EV: 13    Int:  7    God:    Trog [***...]
Gold:   0          SH:  0    Dex:  9    Spells: 4/4 levels left

rFire    . . .     SeeInvis .   j - +2 hand axe
rCold    . . .     Gourm    .   (no shield)
rNeg     + . .     Faith    .   b - +0 animal skin
rPois    ∞         Spirit   .   (no helmet)
rElec    +         Reflect  .   (no cloak)
rCorr    .         Harm     .   (no gloves)
MR       .....     NoTele   +   (no boots)
Stlth    ..........             (no amulet)
Regen    0.2/turn               (no ring)
MPRegen  0.1/turn               (no ring)

@: berserking, very quick
A: negative energy resistance 1, electricity resistance, unbreathing,
petrification resistance, rot immunity, AC +4
a: Berserk, Trog's Hand, Burn Spellbooks, Renounce Religion


You were in the Dungeon.
You worshipped Trog.
Trog was most pleased with you.
You were not hungry.

You visited 1 branch

Inventory:

Hand Weapons
 j - a +2 hand axe (weapon)
Armour
 b - a +0 animal skin (worn)
Scrolls
 i - a scroll of blinking
 k - 3 scrolls of remove curse
 l - a scroll of summoning
Potions
 a - 2 potions of invisibility
 d - a potion of curing
 e - a potion of heal wounds
 f - a potion of haste
 g - 4 potions of magic
 h - 3 potions of berserk rage
Comestibles
 c - 8 bread rations
 m - 40 fruits
 n - 7 meat rations


   Skills:
 + Level 7.4 Fighting
 + Level 6.6 Axes
 + Level 4.0 Armour
 + Level 3.3 Dodging


You had 4 spell levels left.
You didn't know any spells.

Dungeon Overview and Level Annotations

Branches:
Dungeon (1/1)

Altars:
Cheibriados
Dithmenos
Elyvilon
Fedhas
Gozag
Hepliaklqana
Makhleb
Nemelex Xobeh
Okawaru
Qazlal
Ru
Sif Muna
Trog
Vehumet
Xom
Yredelemnul
Zin
The Shining One
Beogh
Jiyva
Lugonu


Innate Abilities, Weirdness & Mutations

You are resistant to torment.
Your stone body is resilient. (AC +4)
You are immune to poison.
You resist negative energy. (rN+)
You are resistant to electric shocks. (rElec)
You can survive without breathing.
You are immune to petrification.
You are immune to rotting.


Message History

You hit the orc. The orc priest barely misses you. The orc closely misses you.
Unknown command.
You slash the orc priest!
You kill the orc priest!
Trog accepts your kill.
You have reached level 5!
You barely miss the orc.
The gnoll hits you from afar with a halberd.
* * * LOW HITPOINT WARNING * * *
You closely miss the ufetubus. You closely miss the orc.
The orc hits you but does no damage. The ufetubus barely misses you.
The ufetubus closely misses you.
Unknown command.
You slice the ufetubus!!
You kill the ufetubus!
Trog accepts your kill.
Your Armour skill increases to level 4!
You barely miss the orc.
The gnoll hits you from afar with a halberd!
You die...

_.____...###########++
##########'##...........
#.?(.')))'.##......#..#.
##########.##...........
#...........'...........
#+#####'#####......#..#.
#..#†.##...........
+..'..#####'#####++
####@###.......#
#....goo.##.......#
#........##.......#
#####+#####...<...#
#.......# #.......#
#.......# #########


You could see an orc priest, a gnoll and an orc.

Vanquished Creatures
  A floating eye (D)
  An orc priest (D)
  An ufetubus (D)
  An ooze (D)
  A leopard gecko (D)
  An orc (D)
  A frilled lizard (D)
  A rat (D)
8 creatures vanquished.

Notes
Turn   | Place    | Note
-------+----------+-------------------------------------------
     0 | D        | Fang the Gargoyle Berserker began the quest for the Orb.
     0 | D        | Reached XP level 1. HP: 14/14 MP: 1/1
    18 | D        | Found a bloodstained altar of Trog.
    18 | D        | Found a deep blue altar of Sif Muna.
    18 | D        | Found a viscous altar of Jiyva.
    18 | D        | Found a hazy altar of Hepliaklqana.
    18 | D        | Found an opulent altar of Gozag.
    19 | D        | Found a glowing golden altar of the Shining One.
    19 | D        | Found a glowing silver altar of Zin.
    19 | D        | Found a basalt altar of Yredelemnul.
    19 | D        | Found a shimmering altar of Xom.
    19 | D        | Found a sacrificial altar of Ru.
    19 | D        | Found a stormy altar of Qazlal.
    19 | D        | Found an iron altar of Okawaru.
    19 | D        | Found a sparkling altar of Nemelex Xobeh.
    19 | D        | Found a burning altar of Makhleb.
    19 | D        | Found a blossoming altar of Fedhas.
    19 | D        | Found a white marble altar of Elyvilon.
    19 | D        | Found a shadowy altar of Dithmenos.
    19 | D        | Found a snail-covered altar of Cheibriados.
    21 | D        | Found a radiant altar of Vehumet.
    21 | D        | Found a corrupted altar of Lugonu.
    21 | D        | Found a roughly hewn altar of Beogh.
    65 | D        | Noticed a floating eye
    68 | D        | Reached ** piety under Trog
    71 | D        | Killed a floating eye
    71 | D        | Reached skill level 6 in Fighting
    71 | D        | Reached XP level 2. HP: 19/23 MP: 2/2
    71 | D        | Reached XP level 3. HP: 24/28 MP: 3/3
    71 | D        | Reached XP level 4. HP: 27/32 MP: 4/4
    77 | D        | Reached skill level 7 in Fighting
    79 | D        | Reached *** piety under Trog
    79 | D        | Reached XP level 5. HP: 10/38 MP: 5/5
    81 | D        | Mangled by a gnoll

Skill      XL: |  1  2  3  4  5 |
---------------+----------------+-----
Axes           | 6 |  6.6
Fighting       | 6 7 |  7.4
Armour         | 3 4 |  4.0
Dodging        | 2 3 |  3.3

Action                   |  1- 3 |  4- 6 || total
-------------------------+-------+-------++-------
Melee: Hand axe          |     9 |     6 ||    15
Invok: Berserk           |       |     1 ||     1
Armor: Animal skin       |     2 |     2 ||     4
Dodge: Dodged            |     3 |    10 ||    13
